 Dungeon Crawl Stone Soup version 0.22-a0-86-g94e0ad4 (webtiles) character file.

245 shenanigans the Skirmisher (level 6, 0/50 HPs)
             Began as a Barachi Monk on Jan 20, 2018.
             Succumbed to scythe's ghost's poison
             ... on level 3 of the Dungeon.
             The game lasted 00:07:04 (3108 turns).

shenanigans the Skirmisher (Barachi Monk)           Turns: 3108, Time: 00:07:04

Health: 0/50       AC: 13    Str: 13    XL:     6   Next: 10%
Magic:  6/6        EV:  7    Int: 17    God:
Gold:   142        SH:  4    Dex: 14    Spells: 5/5 levels left

rFire    . . .     SeeInvis .   a - +0 hand axe
rCold    . . .     Gourm    .   n - +0 buckler
rNeg     . . .     Faith    .   i - +0 chain mail
rPois    .         Spirit   .   (no helmet)
rElec    .         Reflect  .   (no cloak)
rCorr    .         Harm     .   l - +0 pair of gloves
MR       .....                  m - +2 pair of boots
Stlth    ..........             (no amulet)
HPRegen  0.16/turn              h - ring of flight
MPRegen  0.10/turn              (no ring)

@: brilliant, lethally poisoned (0 -> -6), hasted, quick
A: +LOS, swims, slowness 1, strong legs 1
a: Hop, Evoke Flight


You were on level 3 of the Dungeon.
You were not hungry.

You visited 1 branch of the dungeon, and saw 3 of its levels.

You collected 142 gold pieces.

Inventory:

Hand Weapons
 a - a +0 hand axe (weapon)
Armour
 b - a +0 robe
 i - a +0 chain mail (worn)
 l - a +0 pair of gloves (worn)
 m - a +2 pair of boots (worn)
 n - a +0 buckler (worn)
Jewellery
 h - a ring of flight (left hand)
Scrolls
 d - 2 scrolls of fog
 e - a scroll of magic mapping
 f - a scroll of amnesia
 r - a scroll of remove curse
Potions
 j - a potion of might
 o - a potion of magic
 q - a potion of berserk rage
Comestibles
 c - 5 rations


   Skills:
 + Level 4.8 Fighting
 + Level 4.3 Axes
 + Level 2.7 Armour
 + Level 4.4 Dodging
 - Level 1.7 Stealth
 * Level 2.4 Shields


You had 5 spell levels left.
You didn't know any spells.

Dungeon Overview and Level Annotations

Branches:
Dungeon (3/15)

Altars:

Annotations:
D:3 scythe's ghost, amateur DsNe


Innate Abilities, Weirdness & Mutations

Shadows flee at your approach. (+LOS)
You can swim through water.
You cover ground slowly.
You can hop short distances.


Message History

* * * LOW HITPOINT WARNING * * *
You feel sick.
There is a stone staircase leading up here.
There is a lethal amount of poison in your body!
You feel yourself speed up.
* * * LOW HITPOINT WARNING * * *
You feel sick.
There is a lethal amount of poison in your body!
* * * LOW HITPOINT WARNING * * *
You feel sick.
* * * LOW HITPOINT WARNING * * *
You feel sick.
* * * LOW HITPOINT WARNING * * *
You feel sick.
* * * LOW HITPOINT WARNING * * *
You feel sick.
* * * LOW HITPOINT WARNING * * *
You feel sick.
You see here a dagger.
You die...

#.....##..# ##...#
#.###.##..###.###.
#.###.........# #.
#.#.......###.###.
#.#.#####.# ##....
#>#.# #.# ##.#.
#.#.# #[# #.#.
#.#.# #.# ###...
#@#.# #.# #.....
#...# #.# #.###.
#)### #.###.###.
##.# #.#.....#.
#..# #.#.#.#.#.
#..# #.....#.#.
#..# ##.........
#..# #.[......##
#<.# #.#.######


There were no monsters in sight!

Vanquished Creatures
  An orc priest (D:3)
  Natasha (thrice) (D:2 D:3)
  6 adders
  A worm (D:2)
  3 dart slugs
  3 leopard geckos
  5 orcs (D:3)
  A ball python (D:1)
  3 giant cockroaches
  9 goblins
  5 hobgoblins
  3 jackals (D:2)
  A quokka (D:3)
  12 bats
  3 frilled lizards
  3 kobolds
  12 rats
74 creatures vanquished.

Notes
Turn   | Place    | Note
-------+----------+-------------------------------------------
     0 | D:1      | shenanigans the Barachi Monk began the quest for the Orb.
     0 | D:1      | Reached XP level 1. HP: 18/18 MP: 1/1
    45 | D:1      | Reached XP level 2. HP: 22/25 MP: 2/2
    81 | D:1      | Reached skill level 1 in Armour
   318 | D:1      | Reached XP level 3. HP: 30/30 MP: 3/3
  1228 | D:2      | Reached XP level 4. HP: 35/37 MP: 4/4
  1869 | D:2      | Noticed Natasha
  1891 | D:2      | Killed Natasha
  1891 | D:2      | Reached skill level 1 in Shields
  1891 | D:2      | Reached XP level 5. HP: 28/43 MP: 5/5
  2316 | D:2      | Noticed Natasha
  2341 | D:3      | Killed Natasha
  2353 | D:3      | Noticed Natasha
  2587 | D:3      | Killed Natasha
  2678 | D:3      | Reached XP level 6. HP: 21/49 MP: 6/6
  3052 | D:3      | Noticed scythe's ghost (amateur DsNe)
  3103 | D:3      | HP: 2/50 [poisoned by scythe's ghost]
  3108 | D:3      | Succumbed to scythe's ghost's poison

Vault maps used:
D:1:      lightli_arrival_windingriver, minmay_misc_feat_iff
D:2:      first_ration, uniq_natasha
D:3:      nicolae_overflow_crystal_walls, uniq_terence, uniq_grinder

Skill      XL: |  1  2  3  4  5 |
---------------+----------------+-----
Armour         | 1 2 |  2.7
Fighting       | 4 |  4.8
Dodging        | 4 |  4.4
Axes           | 4 |  4.3
Shields        | 1 2 |  2.4
Stealth        | |  1.7

Action                   |  1- 3 |  4- 6 || total
-------------------------+-------+-------++-------
Melee: Hand axe          |   103 |   199 ||   302
 Abil: Hop               |       |     1 ||     1
  Use: Potion            |       |     4 ||     4
       Scroll            |       |     9 ||     9
  Eat: Chunk             |     1 |     7 ||     8
Armor: Robe              |     6 |       ||     6
       Chain mail        |    57 |   182 ||   239
Dodge: Dodged            |    58 |    82 ||   140
Block: Buckler           |       |    54 ||    54

Table legend:
 A = Spawn XP
 B = Non-spawn XP
 C = Spawn XP percentage of total XP
 D = Spawn monster count
 E = Non-spawn monster count
 F = Spawn count percentage of total count
 G = Total turns spent on level
                    A         B        C        D         E        F      G
               +---------+---------+-------+---------+---------+-------+---------
         Total |       0 |     351 |   0.0 |       0 |      74 |   0.0 |  3108
               +---------+---------+-------+---------+---------+-------+---------
           D:1 |       0 |      50 |   0.0 |       0 |      28 |   0.0 |   901
           D:2 |       0 |     142 |   0.0 |       0 |      28 |   0.0 |  1659
           D:3 |       0 |     159 |   0.0 |       0 |      18 |   0.0 |   548
               +---------+---------+-------+---------+---------+-------+---------
